Workbook

Sheet question Statement
A2: On January 1, 2011, Porter Company purchased an 90% interest in the capital stock of Salem Company for $850,000.
A3: The fair value of the noncontrolling interest was proportionate to the consideration paid by the controlling interest.
A4: At that time, Salem Company had capital stock of $550,000 and retained earnings of $80,000.
A5: Differences between the fair value and the book value of the identifiable assets of Salem Company were as follows:
D7: Under (Over) Valued
A8: Equipment | D8: 120000
A9: Land | D9: 25000
A10: Inventory | D10: 40000
A11: In-Process Research & Development | D11: 40000
A12: Bonds payable | D12: -10000
A14: The book values of all other assets and liabilities of Salem Company were equal to their fair values on January 1, 20011
A15: The inventory was sold in 2011 and the equipment has a 5-year remaining life as of January 1, 2011.
A16: The bonds payable mature in 5 years from January 1, 2011
A17: At 12/31/13, Salem owes Porter $25000
A19: Required for the year ended December 31, 2013:
A21: 1. Prepare the analysis as of acquisition date including unamortized differential at 1/1/11.
A22: 2. Prepare the journal entries Porter recorded with respect to its investment in Porter for the year ended 12/31/13.
A23: 3. Calculate Net income to controlling interest and Net income to non controlling interest for the year 2013.
A24: 4. Prepare all necessary elimination entries for the year ended 2013.
A25: 5. Complete the consolidated workpapers for the year ended 12/31/13.
A27: Use formulas in all calculations.
A29: Clearly label each part in the spreadsheet tab below
... A33: Partial credit is awarded for all questions.

Sheet Spreadsheet
A1: INCOME STATEMENT | B1: P CO. | C1: S CO. | D1: ELIMINATIONS | F1: CONS.TOT. | H1: 1. Prepare the analysis as of acquisition date including unamortized differential at 1/1/11.
A2: 12/31/2013 (000's) | D2: DR. | E2: CR.
A3: Sales | B3: 2100 | C3: 450 | F3: =ROUND(B3+C3-D3+E3,2) -> 2550 | H3: Jan 1, 2011
A4: Dividend Income | B4: =C23*0.9 -> 54 | F4: =ROUND(B4+C4-D4+E4,2) -> 54 | H4: acquisition price | K4: 850
F5: =ROUND(B5+C5-D5+E5,2) -> 0 | H5: fv of nci | K5: =K4/0.9*0.1 -> 94.444444
A6: Total revenues | B6: =SUM(B3:B5) -> 2154 | C6: =SUM(C3:C5) -> 450 | F6: =SUM(F3:F5) -> 2604 | H6: total fv | K6: =SUM(K4:K5) -> 944.44444
H7: book value on Jan 1 | K7: =550+80 -> 630
A8: Cost of goods sold | B8: 950 | C8: 200 | F8: =ROUND(+B8+C8+D8-E8,2) -> 1150 | H8: diff | K8: =K6-K7 -> 314.44444
A9: Depreciation exp | B9: 50 | C9: 30 | F9: =ROUND(+B9+C9+D9-E9,2) -> 80
A10: Other Expenses | B10: 60 | C10: 50 | F10: =ROUND(+B10+C10+D10-E10,2) -> 110 | H10: total fv | K10: =K6 -> 944.44444
F11: =ROUND(+B11+C11+D11-E11,2) -> 0 | H11: fv of ID net assets | K11: =K7+120+25+40+40-10 -> 845
A12: Total expenses | B12: =SUM(B8:B11) -> 1060 | C12: =SUM(C8:C11) -> 280 | F12: =SUM(F8:F11) -> 1340 | H12: goodwill | K12: =K10-K11 -> 99.444444
H13: equipment | K13: 120 | O13: =-K13/5 -> -24
A14: Total Net income | B14: =+B6-B12 -> 1094 | C14: =+C6-C12 -> 170 | F14: =+F6-F12 -> 1264 | H14: land | K14: 25
A15: Less net income to noncontrolling interest | F15: =+B15+C15+D15-E15 -> 0 | H15: inventory | K15: 40
A16: Net income to controlling interest | F16: =F14-F15 -> 1264 | H16: IPR&D | K16: 40
A17: RETAINED EARNINGS | H17: bonds payable | K17: -10
A18: STATEMENT | H18: total diff | K18: =SUM(K12:K17) -> 314.44444
A19: Retained Earnings 1/1/13 | B19: 500 | C19: 230 | F19: =ROUND(B19+C19-D19+E19,2) -> 730
A21: Net income | B21: =+B14 -> 1094 | C21: =+C14 -> 170 | F21: =F16 -> 1264 | H21: 2. Prepare the journal entries Porter recorded with respect to its investment in Porter for the year ended 12/31/13.
A23: Dividends declared | B23: 90 | C23: 60 | F23: =ROUND(+B23+C23+D23-E23,2) -> 150
A25: Retained Earnings 12/31/13 | B25: =+B19+B21-B23 -> 1504 | C25: =+C19+C21-C23 -> 340 | F25: =+F19+F21-F23 -> 1844
A27: BALANCE SHEET
A28: Cash | B28: 76 | C28: 65 | F28: =ROUND(+B28+C28+D28-E28,2) -> 141
A29: Accounts receivable | B29: 445 | C29: 190 | F29: =ROUND(+B29+C29+D29-E29,2) -> 635
A30: Inventory | B30: 780 | C30: 175 | F30: =ROUND(+B30+C30+D30-E30,2) -> 955
A31: Investment in Sub | B31: 850 | F31: =ROUND(+B31+C31+D31-E31,2) -> 850
A32: Land | B32: 215 | C32: 320 | F32: =ROUND(+B32+C32+D32-E32,2) -> 535
A33: IPR&D | F33: =ROUND(+B33+C33+D33-E33,2) -> 0
A34: Plant and Equipment | B34: 360 | C34: 280 | F34: =ROUND(+B34+C34+D34-E34,2) -> 640
A35: Goodwill | F35: =ROUND(+B35+C35+D35-E35,2) -> 0
A36: Total assets | B36: =SUM(B28:B35) -> 2726 | C36: =SUM(C28:C35) -> 1030 | F36: =ROUND(SUM(F28:F35),2) -> 3756
A38: Accounts payable | B38: 132 | C38: 110 | F38: =ROUND(B38+C38-D38+E38,2) -> 242
A39: bonds payable | B39: 90 | C39: 30 | F39: =ROUND(B39+C39-D39+E39,2) -> 120
A40: Common stock | B40: 1000 | C40: 550 | F40: =ROUND(B40+C40-D40+E40,2) -> 1550
A41: Paid in capital | F41: =ROUND(B41+C41-D41+E41,2) -> 0
A42: Retained earnings | B42: =+B25 -> 1504 | C42: =+C25 -> 340 | F42: =F25 -> 1844
A43: Noncontrolling interest in sub | F43: =ROUND(B43+C43-D43+E43,2) -> 0
A44: Total liabilities and equity | B44: =SUM(B38:B43) -> 2726 | C44: =SUM(C38:C43) -> 1030 | D44: =ROUND(SUM(D1:D43),2) -> 0 | E44: =ROUND(SUM(E1:E43),2) -> 0 | F44: =ROUND(SUM(F38:F43),2) -> 3756
B45: =B36-B44 -> 0 | E45: =D44-E44 -> 0 | F45: =+F36-F44 -> 0

Sheet Answer Sheet
A1: Answer Sheet: Must use cell formulas except for Q9 below | B1: enter here | D1: WARNING! INSERTING OR CHANGING ANY FORMAT ON
A2: enter all amounts as positive.
D3: THIS SPREADSHEET WILL IMPACT YOUR GRADE
A4: 1. Net income to the controlling interest from consolidated statement of income
A6: 2. Net income to the controlling interest from Step 3
A8: 3. Consolidated Retained Earnings Balance at end of year
A10: 4. Consolidated Total Assets
A12: 5. Consolidated Total Liabilities and Equity
A14: 6. Net income to noncontrolling interest (AKA MI expense) (from consolidated total)
A16: 7. Noncontrolling Interest on Sub Equity (from consolidated total)
A18: 8. Adjustment to Parent's Retained Earnings at 1/1/13
A20: 9. How many journal entries did the parent record during the year
A21: with respect to its investment in the sub? Enter 1,2,3,or 4
A23: 10. What was the total debits for all of the parent co entries?

Sheet Temporary Grade For Spreadsheet
Z1: =+B23/10*100 -> 20
A4: TEMPORARY GRADE | B4: =Z1 -> 20
A12: 1 | B12: =IF('Answer Sheet'!B4=1169.6,1,0) -> 0
A13: 2 | B13: =IF('Answer Sheet'!B6='Answer Sheet'!B4,1,0) -> 1
A14: 3 | B14: =IF('Answer Sheet'!B8=1631.8,1,0) -> 0
A15: 4 | B15: =IF('Answer Sheet'!B10=3073.44,1,0) -> 0
A16: 5 | B16: =IF('Answer Sheet'!B12='Answer Sheet'!B10,1,0) -> 1
A17: 6 | B17: =IF('Answer Sheet'!B14=14.4,1,0) -> 0
A18: 7 | B18: =IF('Answer Sheet'!B16=108.64,1,0) -> 0
A19: 8 | B19: =IF('Answer Sheet'!B18=52.2,1,0) -> 0
A20: 9 | B20: =IF('Answer Sheet'!B21=1,1,0) -> 0
A21: 10 | B21: =IF('Answer Sheet'!B23=54,1,0) -> 0
A23: total | B23: =SUM(B12:B22) -> 2
